 Dungeon Crawl Stone Soup version 0.30.0-29-ga12c61a403 (webtiles) character file.

Game seed: 4934170240803254284

154089 qw the Peltast (level 17, -1/108 HPs)
             Began as a Gargoyle Fighter on June 4, 2023.
             Was an Elder of Okawaru.
             Slain by a jumping spider (8 damage)
             ... on level 3 of the Spider Nest.
             The game lasted 00:16:56 (28814 turns).

qw the Peltast (Gargoyle Fighter)                  Turns: 28814, Time: 00:16:57

Health: -1/108     AC: 45    Str: 28    XL:     17   Next: 62%
Magic:  15/24      EV: 10    Int:  9    God:    Okawaru [****..]
Gold:   352        SH: 25    Dex: 16    Spells: 16/16 levels left

rFire   . . .        p - +3 broad axe (protect)
rCold   . . .        w - +2 tower shield of Bursted Birdsong {Will+}
rNeg    + . .        y - +3 crystal plate armour
rPois   inf          q - +0 helmet
rElec   +            b - +2 cloak
rCorr   .            s - +1 pair of gloves
SInv    +            u - +0 pair of boots "Zogie" {Dex+3}
Will    +++..        j - amulet of faith Stlth
                     F - +4 ring of slaying {mikee}
HPRegen 0.38/turn    t - ring "Jopty" {Wiz Will+ Str+2}
MPRegen 0.19/turn

%: faith, wizardry (x1)
@: about to teleport, heroic, finesse-ful, marked, corroded, flying
A: sickness immunity, AC +12, big wings, negative energy resistance 1,
electricity resistance, torment resistance 1, petrification resistance, see
invisible, agile 1
a: Renounce Religion, Heroism, Finesse


You were on level 3 of the Spider Nest.
You worshipped Okawaru.
Okawaru was greatly pleased with you.
You visited 6 branches of the dungeon, and saw 29 of its levels.
You also visited: Gauntlet.

You collected 3660 gold pieces.
You spent 3308 gold pieces at shops.


Innate Abilities, Weirdness & Mutations

You are immune to sickness and miasma.
Your stone body is resilient. (AC +12)
You are immune to poison.
Your large and strong wings let you fly.
You resist negative energy. (rN+)
You are resistant to electric shocks. (rElec)
You are resistant to unholy torment.
You are immune to petrification.
You have supernaturally acute eyesight. (SInv)
You are agile. (Dex +4, Str/Int -1)


   Skills:
 + Level 12.9(17.9) Fighting
 - Level 17.0(22.0) Axes
 - Level 4.1(9.1) Throwing
 - Level 15.0(20.0) Armour
 - Level 4.0(9.0) Dodging
 - Level 17.0(22.0) Shields
 - Level 10.0 Invocations


You had 16 spell levels left.
You didn't know any spells.
Your spell library was empty.

Inventory:

Hand Weapons
 p - a +3 broad axe of protection (weapon)
 v - the +0 whip "Falurak" {vamp, rF+ rN+ Str+3}
   (You found it on level 1 of the Lair of Beasts)

   Str:       It affects your strength (+3).
   rF:        It protects you from fire.
   rN:        It protects you from negative energy.
 D - a +1 morningstar of flaming
Armour
 b - a +2 cloak (worn)
 m - +0 acid dragon scales
 q - a +0 helmet (worn)
 s - a +1 pair of gloves (worn)
 u - the +0 pair of boots "Zogie" (worn) {Dex+3}
   (You found it in a Gauntlet)

   Dex:       It affects your dexterity (+3).
 w - the +2 tower shield of Bursted Birdsong (worn) {Will+}
   (Okawaru gifted it to you on level 3 of the Shoals)

   Will:      It increases your willpower.
 y - a +3 crystal plate armour (worn)
Jewellery
 i - a ring of resist corrosion
 j - an amulet of faith (around neck)
 t - the ring "Jopty" (right hand) {Wiz Will+ Str+2}
   (You found it in a Gauntlet)

   [ring of wizardry]

   It improves your spell success rate.
   Str:       It affects your strength (+2).
   Will:      It increases your willpower.
 z - a ring of protection from fire
 F - a +4 ring of slaying (left hand) {mikee}
 Y - the ring "Sahylaih" {rC+ Will- Str-4 Slay+5 SInv}
   (You found it in a Gauntlet)

   [ring of protection from cold]

   Str:       It affects your strength (-4).
   Slay:      It affects your accuracy & damage with ranged weapons and melee
   (+5).
   rC:        It protects you from cold.
   SInv:      It lets you see invisible.
   Will:      It decreases your willpower.
Wands
 r - a wand of digging (15)
Scrolls
 c - 13 scrolls of teleportation
 g - 15 scrolls of identify
Potions
 a - 6 potions of resistance
 d - 9 potions of might
 f - 3 potions of mutation
 k - 4 potions of cancellation
 l - 2 potions of haste
 n - 21 potions of curing
 o - 4 potions of attraction
 C - a potion of magic

Dungeon Overview and Level Annotations

Branches:
Dungeon (15/15)            Temple (1/1) D:7            Lair (5/5) D:10
 Shoals (3/4) Lair:2       Spider (3/4) Lair:2        Slime (0/5) Lair:5
    Orc (2/2) D:12            Elf (0/3) Orc:2        Vaults (0/5) D:14
 Depths (0/4) D:15        Gauntlet (visited)

Altars:
Ashenzari
Cheibriados
Dithmenos
Elyvilon
Fedhas
Gozag
Hepliaklqana
Kikubaaqudgha
Makhleb
Nemelex Xobeh
Okawaru
Qazlal
Ru
Sif Muna
Trog
Uskayaw
Vehumet
Wu Jian
Xom
Yredelemnul
Zin
The Shining One
Jiyva

Shops:
D:12 [(?   D:13 *   Orc:2 *:*   Shoals:3 !

Annotations:
D:2 1 runed translucent door, Crazy Yiuf
D:10 3 runed translucent doors, Tallon's ghost, novice DsFi
D:14 3 runed translucent doors, Wociock's ghost, journeyman DgHW
Shoals:2 3 runed translucent doors, finalsalamander's ghost, adept HOMo


Message History

You slash the redback simulacrum!
The redback simulacrum vaporises!
You hit the demonic crawler but do no damage. x2
You barely miss the steelbarb worm. You slash the tarantella!
You block the demonic crawler's attack.
The demonic crawler hits you but does no damage.
You block the demonic crawler's attack.
The demonic crawler hits you but does no damage. x3
The jumping spider simulacrum pounces on you but does no damage.
The jumping spider simulacrum bites you but does no damage.
The tarantella touches you.
You slice the tarantella!!
You kill the tarantella!
Okawaru accepts your kill.
You hit the steelbarb worm but do no damage.
You slash the jumping spider simulacrum!
You barely miss the redback simulacrum.
You hit the demonic crawler but do no damage.
You slice the demonic crawler!! You slash the steelbarb worm!
A freezing mist starts to gather...
A tarantella simulacrum comes into view.
Your surroundings suddenly seem different.
Found a stone staircase leading up.
The tarantella simulacrum moves out of view.
Enter note:
Enter note:
Enter note: You start resting.
You carefully extract the barbed spikes from your body.
A jumping spider is nearby!
28812 ||| FLEEEEING.
Enter note:
Enter note:
Enter note: The jumping spider leaps!
You block the jumping spider's attack. x2
28814 ||| READING 14 scrolls of teleportation.
As you read the scroll of teleportation, it crumbles to dust.
You feel strangely unstable. The jumping spider pounces on you!
You die...

#.^.#.^.. ##.......
. ##.......#..
##...........
#.......<....
.#^.....
#...#^#...^..
........ #.^.s......
....^... #.^@...Z...
.^#.....
##....^......#^.^..Z
##..#.Z.#Z#.^....ZZ
###..#0.s......Z.Z
#....w......sw.
....w......^Z0
#...........s
#.^.?...))s.
...#<...


You could see 2 steelbarb worms, 2 jumping spiders, a jumping spider simulacrum,
a redback simulacrum and a culicivora simulacrum.

Vanquished Creatures
  Donald (Spider:2)
  A very ugly thing (D:15)
  2 broodmothers
  A spark wasp (Spider:3)
  A minotaur (Gauntlet)
  A dire elephant (Gauntlet)
  Snorg (Lair:3)
  A merfolk javelineer (Shoals:1)
  3 merfolk impalers
  2 entropy weavers (Spider:1)
  A rakshasa (D:13)
  An ice dragon (D:14)
  A great orb of eyes (D:15)
  An ogre mage (Orc:1)
  7 centaur warriors
  3 hydras
  Erolcha (D:13)
  A jorogumo (Spider:1)
  2 radroaches
  2 merfolk aquamancers
  An alligator snapping turtle (Shoals:3)
  3 catoblepae
  2 boulder beetles
  A merfolk avatar (Lair:5)
  5 two-headed ogres
  2 death yaks (Lair:5)
  An orc high priest (Orc:1)
  Nergalle (D:11)
  12 skysharks
  4 pharaoh ants
  7 sea snakes
  5 orb spiders
  Pikel (D:6)
  3 steelbarb worms
  32 harpies
  A lindwurm (Lair:4)
  7 cyclopes
  12 manticores
  An oklob plant (Lair:3)
  3 orc knights (Orc:2)
  18 wolf spiders
  3 fauns (Shoals:3)
  3 orc sorcerers (Orc:1)
  2 moths of wrath
  10 ugly things
  9 elephants
  Maurice (Orc:2)
  11 slime creatures
  2 black mambas
  3 demonic crawlers
  2 torpor snails
  2 gargoyles
  5 merfolk sirens
  6 cane toads
  Maggie (D:9)
  An unseen horror (D:12)
  2 rime drakes (Lair:5)
  A yaktaur (shapeshifter) (D:15)
  2 freezing wraiths
  5 komodo dragons
  A kobold demonologist (D:13)
  An efreet (D:15)
  7 trolls
  2 queen bees (Gauntlet)
  A troll (shapeshifter) (D:14)
  18 merfolk
  Grinder (D:6)
  6 meliai
  7 wind drakes
  2 polar bears
  A hornet (Lair:5)
  26 tarantellas
  Prince Ribbit (D:6)
  8 dream sheep
  33 blink frogs
  3 snapping turtles
  18 jumping spiders
  10 culicivoras
  2 centaur simulacra
  2 shadows (D:12)
  6 wyverns
  7 water elementals
  3 wraiths
  46 yaks
  A yak (shapeshifter) (D:15)
  3 steam dragons
  31 redbacks
  Eustachio (D:6)
  5 vampire mosquitoes
  4 basilisks
  5 wargs
  2 acid dragons
  13 water moccasins
  35 orc warriors
  A black bear (D:10)
  2 ice beasts
  2 sky beasts (D:7)
  4 boggarts (D:15)
  20 centaurs
  7 ogres
  A kobold brigand (D:7)
  8 bullfrogs
  A gnoll sergeant (D:7)
  2 scorpions
  4 wights (D:8)
  20 killer bees
  5 howler monkeys
  An electric eel (Spider:1)
  3 jellies
  2 gnoll boudas (D:7)
  5 hounds
  6 orc priests
  6 iguanas
  2 sleepcaps
  14 orc wizards
  2 hell rats (Lair:2)
  4 adders
  11 gnolls
  6 river rats (Lair:2)
  3 white imps
  4 ufetubi
  A dart slug (D:1)
  57 orcs
  11 endoplasms
  2 giant cockroaches (D:3)
  8 goblins
  12 hobgoblins
  2 jackals (D:2)
  3 quokkas
  8 ball pythons
  7 bats
  A frilled lizard (D:3)
  7 kobolds
  14 rats
818 creatures vanquished.

Vanquished Creatures (others)
  A pharaoh ant (Spider:3)
  A tarantella (Spider:3)
2 creatures vanquished.

Grand Total: 820 creatures vanquished

Notes
Turn   | Place    | Note
-------+----------+-------------------------------------------
     0 | D:1      | qw the Gargoyle Fighter began the quest for the Orb.
     0 | D:1      | Reached XP level 1. HP: 14/14 MP: 1/1
     0 | D:1      | 0 ||| qw: Version: 0.2-a-103-g5a998e5
     0 | D:1      | 0 ||| qw: Game counter: 1133
     0 | D:1      | 0 ||| qw: Always use a shield: true
     0 | D:1      | 0 ||| qw: God list: Okawaru
     0 | D:1      | 0 ||| qw: Allow faded altars: false
     0 | D:1      | 0 ||| qw: Do Orc after D:15 true
     0 | D:1      | 0 ||| qw: Do second Lair branch before Depths: true
     0 | D:1      | 0 ||| qw: Lair rune preference: random
     0 | D:1      | 0 ||| qw: Plans: Normal, Zot:1-4, Slime:5, God:TSO, Crypt,
                  | Tomb, Pan, Hells, Abyss, Win
     0 | D:1      | 0 ||| PLANNING D:1-11
   207 | D:1      | Reached XP level 2. HP: 16/19 MP: 2/2
   379 | D:1      | Reached skill level 3 in Axes
   396 | D:1      | Reached XP level 3. HP: 19/23 MP: 3/3
   711 | D:1      | 711 ||| DROPPING +0 whip.
   784 | D:1      | 784 ||| Stepping ~*~*~tactically~*~*~ (stealth).
   792 | D:1      | 792 ||| Stepping ~*~*~tactically~*~*~ (stealth).
   793 | D:1      | 793 ||| Stepping ~*~*~tactically~*~*~ (stealth).
  1070 | D:1      | 1070 ||| UPGRADING to +0 tower shield.
  1080 | D:1      | 1080 ||| DROPPING +0 buckler.
  1081 | D:1      | 1081 ||| UPGRADING to amulet of faith.
  1086 | D:1      | 1086 ||| UPGRADING to ring of protection from fire.
  1087 | D:1      | 1087 ||| READING scroll labelled PEATIO DUDD.
  1088 | D:1      | 1088 ||| READING 2 scrolls labelled PEASASM GOEG.
  1089 | D:1      | 1089 ||| READING 2 scrolls labelled FEFU OHOGIR.
  1090 | D:1      | 1090 ||| READING scroll labelled XUOMUI FELUFF.
  1091 | D:1      | 1091 ||| READING scroll labelled DURABLAERU.
  1092 | D:1      | 1092 ||| DROPPING scroll of fear.
  1144 | D:2      | Found an opulent altar of Gozag.
  1153 | D:2      | 1153 ||| READING scroll of enchant weapon.
  1153 | D:2      | 1153 ||| ENCHANTING +1 war axe of freezing.
  1225 | D:2      | Reached XP level 4. HP: 27/28 MP: 4/4
  1289 | D:2      | Found a faded altar of an unknown god.
  1651 | D:2      | Found a runed translucent door.
  1652 | D:2      | Noticed Crazy Yiuf
  1889 | D:2      | 1889 ||| Stepping ~*~*~tactically~*~*~ (stealth).
  1954 | D:2      | 1954 ||| UPGRADING to +4 scale mail.
  1964 | D:2      | 1964 ||| DROPPING +0 scale mail.
  1965 | D:2      | 1965 ||| READING scroll labelled GAYFUDOANO.
  1966 | D:2      | 1966 ||| READING scroll labelled VAZAODWOUBB.
  1967 | D:2      | 1967 ||| READING scroll labelled VUQOPT HUUNU.
  2011 | D:2      | 2011 ||| READING scroll labelled MUONAOMNOU.
  2012 | D:2      | 2012 ||| READING scroll labelled KOH TYUREL.
  2128 | D:3      | Identified the +5 halberd of Magnificence {protect, Fly
                  | Str+2 Stlth+}
  2163 | D:3      | Found a hazy altar of Hepliaklqana.
  2869 | D:3      | 2869 ||| UPGRADING to +1 cloak.
  3036 | D:4      | 3036 ||| Stepping ~*~*~tactically~*~*~ (hiding).
  3037 | D:4      | 3037 ||| Stepping ~*~*~tactically~*~*~ (hiding).
  3043 | D:4      | Noticed a centaur
  3043 | D:4      | Noticed a scorpion
  3052 | D:4      | Killed a centaur
  3052 | D:4      | Killed a scorpion
  3053 | D:4      | Reached skill level 6 in Shields
  3053 | D:4      | Reached XP level 5. HP: 21/32 MP: 5/5
  3053 | D:4      | Reached XP level 6. HP: 25/37 MP: 6/6
  3062 | D:4      | 3062 ||| FLEEEEING.
  3063 | D:4      | 3063 ||| FLEEEEING.
  3064 | D:4      | 3064 ||| FLEEEEING.
  3068 | D:4      | 3068 ||| FLEEEEING.
  3069 | D:4      | 3069 ||| FLEEEEING.
  3072 | D:4      | 3072 ||| FLEEEEING.
  3073 | D:4      | 3073 ||| FLEEEEING.
  3123 | D:4      | 3123 ||| READING scroll of enchant weapon.
  3123 | D:4      | 3123 ||| ENCHANTING +2 war axe of freezing.
  3648 | D:4      | 3648 ||| READING scroll labelled QIAXEJE SURUE.
  3666 | D:5      | Entered Level 5 of the Dungeon
  3670 | D:5      | 3670 ||| READING scroll of enchant armour.
  3670 | D:5      | 3670 ||| ENCHANTING +1 cloak.
  3831 | D:5      | You fall into a shaft and drop 1 floor!
  3839 | D:6      | 3839 ||| PLANNING OSSUARY
  3896 | D:6      | Noticed an ice beast
  3904 | D:6      | Killed an ice beast
  3948 | D:6      | Noticed an orc warrior
  3967 | D:6      | Reached XP level 7. HP: 24/41 MP: 7/7
  4057 | D:6      | Noticed Grinder
  4058 | D:6      | 4058 ||| Stepping ~*~*~tactically~*~*~ (hiding).
  4059 | D:6      | Paralysed by Grinder for 2 turns
  4061 | D:6      | 4061 ||| Stepping ~*~*~tactically~*~*~ (hiding).
  4067 | D:6      | 4067 ||| Stepping ~*~*~tactically~*~*~ (hiding).
  4069 | D:6      | 4069 ||| Stepping ~*~*~tactically~*~*~ (hiding).
  4071 | D:6      | 4071 ||| Stepping ~*~*~tactically~*~*~ (hiding).
  4072 | D:6      | 4072 ||| Stepping ~*~*~tactically~*~*~ (hiding).
  4073 | D:6      | 4073 ||| Stepping ~*~*~tactically~*~*~ (hiding).
  4079 | D:6      | Paralysed by Grinder for 4 turns
  4087 | D:6      | 4087 ||| FLEEEEING.
  4088 | D:6      | 4088 ||| FLEEEEING.
  4089 | D:6      | 4089 ||| FLEEEEING.
  4090 | D:6      | 4090 ||| FLEEEEING.
  4091 | D:6      | 4091 ||| FLEEEEING.
  4097 | D:6      | 4097 ||| FLEEEEING.
  4105 | D:6      | 4105 ||| STAIRDANCE
  4141 | D:5      | 4141 ||| UPGRADING to +0 plate armour.
  4151 | D:5      | 4151 ||| DROPPING +4 scale mail.
  4152 | D:5      | 4152 ||| DRINKING 3 silvery potions.
  4164 | D:6      | Paralysed by Grinder for 4 turns
  4175 | D:6      | Paralysed by Grinder for 4 turns
  4194 | D:6      | 4194 ||| STAIRDANCE
  4268 | D:6      | Killed Grinder
  4478 | D:6      | Noticed a steam dragon
  4480 | D:6      | 4480 ||| Stepping ~*~*~tactically~*~*~ (hiding).
  4481 | D:6      | 4481 ||| RIP OSSUARY
  4482 | D:6      | 4482 ||| PLANNING D:1-11
  4494 | D:6      | Killed a steam dragon
  4495 | D:6      | Reached XP level 8. HP: 30/46 MP: 8/8
  4554 | D:6      | 4554 ||| READING scroll labelled IVAWNI VYILANA.
  4587 | D:6      | 4587 ||| READING 2 scrolls of identify.
  4587 | D:6      | 4587 ||| IDENTIFYING sedimented clear potion
  4727 | D:5      | 4727 ||| Stepping ~*~*~tactically~*~*~ (hiding).
  5114 | D:5      | 5114 ||| READING scroll of enchant armour.
  5114 | D:5      | 5114 ||| ENCHANTING +0 plate armour.
  5192 | D:5      | 5192 ||| READING scroll labelled SADEOQ QOACH.
  5207 | D:6      | Reached skill level 9 in Shields
  5221 | D:6      | 5221 ||| Stepping ~*~*~tactically~*~*~ (stealth).
  5248 | D:6      | 5248 ||| FLEEEEING.
  5257 | D:6      | 5257 ||| STAIRDANCE
  5352 | D:6      | Noticed Eustachio
  5394 | D:6      | Killed Eustachio
  5395 | D:6      | Reached skill level 6 in Axes
  5402 | D:6      | Noticed Prince Ribbit
  5416 | D:6      | 5416 ||| FLEEEEING.
  5417 | D:6      | 5417 ||| FLEEEEING.
  5432 | D:6      | Killed Prince Ribbit
  5528 | D:6      | 5528 ||| Stepping ~*~*~tactically~*~*~ (stealth).
  5538 | D:6      | Reached XP level 9. HP: 52/52 MP: 9/9
  5542 | D:6      | 5542 ||| Stepping ~*~*~tactically~*~*~ (stealth).
  5544 | D:6      | 5544 ||| Stepping ~*~*~tactically~*~*~ (hiding).
  5546 | D:6      | 5546 ||| Stepping ~*~*~tactically~*~*~ (hiding).
  5649 | D:6      | Found a shimmering altar of Xom.
  5653 | D:6      | Found a basalt altar of Yredelemnul.
  5659 | D:6      | Noticed Pikel
  5671 | D:6      | Killed Pikel
  5679 | D:6      | Found a shimmering blue altar of Sif Muna.
  5680 | D:6      | Found an ancient bone altar of Kikubaaqudgha.
  5680 | D:6      | Found a bloodstained altar of Trog.
  5680 | D:6      | Found a hide-covered altar of Uskayaw.
  5680 | D:6      | Found a sparkling altar of Nemelex Xobeh.
  5683 | D:6      | Found a stormy altar of Qazlal.
  5684 | D:6      | Found a burning altar of Makhleb.
  5685 | D:6      | Found a white marble altar of Elyvilon.
  5717 | D:6      | 5717 ||| READING scroll labelled HOHAAG XAIS.
  5718 | D:6      | 5718 ||| DRINKING 2 purple potions.
  5719 | D:6      | 5719 ||| DROPPING potion of flight.
  5745 | D:7      | Found a staircase to the Ecumenical Temple.
  5746 | D:7      | 5746 ||| PLANNING TEMPLE
  5754 | Temple   | Entered the Ecumenical Temple
  5875 | Temple   | 5875 ||| PLANNING OKAWARU WORSHIP
  5975 | Temple   | Became a worshipper of Warmaster Okawaru
  5975 | Temple   | 5975 ||| PLANNING D:1-11
  6035 | D:7      | HP: 13/52 [centaur/arrow (3)]
  6036 | D:7      | 6036 ||| READING 4 scrolls of teleportation.
  6036 | D:7      | HP: 3/52 [centaur/arrow (4)]
  6190 | D:7      | Reached skill level 1 in Dodging
  6222 | D:7      | 6222 ||| Stepping ~*~*~tactically~*~*~ (stealth).
  6260 | D:7      | 6260 ||| READING scroll of enchant weapon.
  6260 | D:7      | 6260 ||| ENCHANTING +3 war axe of freezing.
  6508 | D:7      | 6508 ||| Stepping ~*~*~tactically~*~*~ (hiding).
  6593 | D:7      | 6593 ||| Stepping ~*~*~tactically~*~*~ (hiding).
  6594 | D:7      | 6594 ||| Stepping ~*~*~tactically~*~*~ (hiding).
  6620 | D:7      | Reached * piety under Okawaru
  6621 | D:7      | 6621 ||| INVOKING Heroism.
  6845 | D:7      | 6845 ||| Stepping ~*~*~tactically~*~*~ (hiding).
  7172 | D:7      | 7172 ||| UPGRADING to +0 pair of boots.
  7177 | D:7      | 7177 ||| READING 4 scrolls of identify.
  7177 | D:7      | 7177 ||| IDENTIFYING ruby potion
  7178 | D:7      | 7178 ||| READING 3 scrolls of identify.
  7178 | D:7      | 7178 ||| IDENTIFYING fuming ruby potion
  7179 | D:7      | 7179 ||| READING 2 scrolls of identify.
  7179 | D:7      | 7179 ||| IDENTIFYING inky potion
  7180 | D:7      | 7180 ||| DROPPING potion of brilliance.
  7181 | D:7      | 7181 ||| DROPPING potion of degeneration.
  7216 | D:8      | 7216 ||| Stepping ~*~*~tactically~*~*~ (hiding).
  7217 | D:8      | 7217 ||| Stepping ~*~*~tactically~*~*~ (hiding).
  7218 | D:8      | 7218 ||| Stepping ~*~*~tactically~*~*~ (hiding).
  7321 | D:8      | 7321 ||| INVOKING Heroism.
  7328 | D:8      | Reached skill level 1 in Invocations
  7330 | D:8      | Reached XP level 10. HP: 20/59 MP: 7/11
  7332 | D:8      | 7332 ||| INVOKING Heroism.
  7338 | D:8      | 7338 ||| Stepping ~*~*~tactically~*~*~ (stealth).
  7505 | D:8      | 7505 ||| DROPPING +1 whip of freezing.
  7576 | D:8      | Reached skill level 1 in Throwing
  7627 | D:8      | 7627 ||| Stepping ~*~*~tactically~*~*~ (stealth).
  7703 | D:8      | 7703 ||| INVOKING Heroism.
  7709 | D:8      | Reached skill level 3 in Invocations
  7779 | D:8      | 7779 ||| Stepping ~*~*~tactically~*~*~ (hiding).
  7781 | D:8      | 7781 ||| Stepping ~*~*~tactically~*~*~ (hiding).
  7923 | D:8      | 7923 ||| Stepping ~*~*~tactically~*~*~ (stealth).
  7924 | D:8      | 7924 ||| Stepping ~*~*~tactically~*~*~ (stealth).
  8186 | D:8      | Noticed a cyclops
  8187 | D:8      | 8187 ||| INVOKING Heroism.
  8192 | D:8      | Killed a cyclops
  8241 | D:8      | 8241 ||| FLEEEEING.
  8247 | D:8      | 8247 ||| STAIRDANCE
  8280 | D:7      | 8280 ||| READING 2 scrolls of identify.
  8280 | D:7      | 8280 ||| IDENTIFYING grey potion
  8281 | D:7      | 8281 ||| DROPPING potion of ambrosia.
  8285 | D:8      | 8285 ||| Stepping ~*~*~tactically~*~*~ (hiding).
  8443 | D:9      | 8443 ||| STAIRDANCE
  8447 | D:8      | 8447 ||| INVOKING Heroism.
  8556 | D:9      | 8556 ||| Stepping ~*~*~tactically~*~*~ (hiding).
  8560 | D:9      | Noticed Maggie
  8561 | D:9      | 8561 ||| INVOKING Heroism.
  8566 | D:9      | Reached skill level 6 in Fighting
  8580 | D:9      | Killed Maggie
  8870 | D:9      | 8870 ||| Stepping ~*~*~tactically~*~*~ (hiding).
  8871 | D:9      | 8871 ||| Stepping ~*~*~tactically~*~*~ (hiding).
  8881 | D:9      | 8881 ||| Stepping ~*~*~tactically~*~*~ (stealth).
  8882 | D:9      | 8882 ||| Stepping ~*~*~tactically~*~*~ (stealth).
  8884 | D:9      | 8884 ||| Stepping ~*~*~tactically~*~*~ (hiding).
  8885 | D:9      | 8885 ||| Stepping ~*~*~tactically~*~*~ (hiding).
  8886 | D:9      | 8886 ||| Stepping ~*~*~tactically~*~*~ (hiding).
  8887 | D:9      | 8887 ||| Stepping ~*~*~tactically~*~*~ (hiding).
  8888 | D:9      | 8888 ||| Stepping ~*~*~tactically~*~*~ (hiding).
  8889 | D:9      | 8889 ||| Stepping ~*~*~tactically~*~*~ (hiding).
  8893 | D:9      | 8893 ||| DRINKING 4 potions of curing.
  8893 | D:9      | 8893 ||| (to cure confusion)
  8896 | D:9      | Reached ** piety under Okawaru
  8898 | D:9      | 8898 ||| INVOKING Heroism.
  8914 | D:9      | 8914 ||| Stepping ~*~*~tactically~*~*~ (stealth).
  8915 | D:9      | 8915 ||| Stepping ~*~*~tactically~*~*~ (stealth).
  8916 | D:9      | 8916 ||| Stepping ~*~*~tactically~*~*~ (stealth).
  8933 | D:9      | 8933 ||| Stepping ~*~*~tactically~*~*~ (stealth).
  8943 | D:9      | 8943 ||| Stepping ~*~*~tactically~*~*~ (stealth).
  8944 | D:9      | 8944 ||| INVOKING Heroism.
  9090 | D:9      | Noticed a two-headed ogre
  9094 | D:9      | Noticed a death knight
  9111 | D:9      | Reached skill level 9 in Axes
  9227 | D:9      | 9227 ||| READING scroll of enchant weapon.
  9227 | D:9      | 9227 ||| ENCHANTING +4 war axe of freezing.
  9280 | D:9      | 9280 ||| UPGRADING to +0 pair of gloves.
  9285 | D:9      | 9285 ||| DRINKING 2 fuming black potions.
  9286 | D:9      | 9286 ||| DRINKING 2 fizzy green potions.
  9286 | D:9      | Gained mutation: You are vulnerable to cold. (rC-) [potion
                  | of mutation]
  9286 | D:9      | Gained mutation: Your spells are a little harder to cast,
                  | but a little more powerful. [potion of mutation]
  9287 | D:9      | 9287 ||| DRINKING potion of mutation.
  9287 | D:9      | Lost mutation: You are vulnerable to cold. (rC-) [potion of
                  | mutation]
  9287 | D:9      | Lost mutation: Your spells are a little harder to cast, but
                  | a little more powerful. [potion of mutation]
  9287 | D:9      | Gained mutation: You have supernaturally acute eyesight.
                  | (SInv) [potion of mutation]
  9287 | D:9      | Gained mutation: You are agile. (Dex +4, Str/Int -1)
                  | [potion of mutation]
  9315 | D:10     | Entered Level 10 of the Dungeon
  9321 | D:10     | 9321 ||| STAIRDANCE
  9358 | D:10     | 9358 ||| INVOKING Heroism.
  9361 | D:10     | Reached skill level 6 in Armour
  9412 | D:10     | 9412 ||| Stepping ~*~*~tactically~*~*~ (stealth).
  9438 | D:10     | Reached XP level 11. HP: 63/64 MP: 14/14
  9444 | D:10     | Reached skill level 12 in Shields
  9504 | D:10     | 9504 ||| INVOKING Heroism.
  9523 | D:10     | Found a staircase to the Lair.
  9590 | D:10     | 9590 ||| Stepping ~*~*~tactically~*~*~ (stealth).
  9618 | D:10     | Reached *** piety under Okawaru
  9687 | D:10     | Noticed a white ugly thing
  9687 | D:10     | Noticed Tallon's ghost (novice DsFi)
  9688 | D:10     | Noticed a red very ugly thing
  9689 | D:10     | Noticed a wolf spider
  9689 | D:10     | Noticed a red ugly thing
  9694 | D:10     | Found a runed translucent gate.
  9694 | D:10     | Found a runed translucent gate.
  9708 | D:10     | Noticed a two-headed ogre
  9709 | D:10     | 9709 ||| INVOKING Heroism.
  9719 | D:10     | Killed a two-headed ogre
  9772 | D:10     | Found a runed translucent gate.
  9898 | D:10     | 9898 ||| PLANNING LAIR
  9898 | D:10     | 9898 ||| READING scroll labelled LUKUXE IN MOMI.
  9932 | Lair:1   | Entered Level 1 of the Lair of Beasts
  9933 | Lair:1   | 9933 ||| PLANNING GAUNTLET
  9942 | Lair:1   | 9942 ||| STAIRDANCE
  9944 | D:10     | 9944 ||| INVOKING Heroism.
 10124 | Lair:1   | 10124 ||| Stepping ~*~*~tactically~*~*~ (stealth).
 10126 | Lair:1   | 10126 ||| INVOKING Heroism.
 10137 | Lair:1   | Reached **** piety under Okawaru
 10137 | Lair:1   | Received a gift from Okawaru
 10168 | Lair:1   | 10168 ||| Stepping ~*~*~tactically~*~*~ (stealth).
 10174 | Lair:1   | 10174 ||| Stepping ~*~*~tactically~*~*~ (stealth).
 10176 | Lair:1   | 10176 ||| Stepping ~*~*~tactically~*~*~ (stealth).
 10178 | Lair:1   | 10178 ||| INVOKING Heroism.
 10184 | Lair:1   | 10184 ||| Stepping ~*~*~tactically~*~*~ (stealth).
 10201 | Lair:1   | 10201 ||| Stepping ~*~*~tactically~*~*~ (stealth).
 10205 | Lair:1   | 10205 ||| INVOKING Heroism.
 10254 | Lair:1   | 10254 ||| READING scroll of enchant armour.
 10254 | Lair:1   | 10254 ||| ENCHANTING +0 pair of gloves.
 10275 | Lair:1   | 10275 ||| INVOKING Heroism.
 10408 | Lair:1   | Found a gate leading to a gauntlet.
 10409 | Lair:1   | 10409 ||| UPGRADING to +0 helmet.
 10422 | Gauntlet | Entered a Gauntlet
 10422 | Gauntlet | Found a transporter.
 10430 | Gauntlet | Found a transporter.
 10432 | Gauntlet | Found a transporter.
 10443 | Gauntlet | Found a transporter.
 10446 | Gauntlet | Found a transporter.
 10452 | Gauntlet | Noticed a dire elephant
 10455 | Gauntlet | Found a transporter.
 10470 | Gauntlet | Noticed an orange crystal statue
 10473 | Gauntlet | Found a transporter.
 10480 | Gauntlet | Found a runed translucent door.
 10482 | Gauntlet | Noticed a white ugly thing
 10482 | Gauntlet | Noticed a red ugly thing
 10483 | Gauntlet | Noticed a glowing orange brain
 10485 | Gauntlet | Found a transporter.
 10495 | Gauntlet | Found a transporter.
 10507 | Gauntlet | Found a transporter.
 10509 | Gauntlet | Found a transporter.
 10509 | Gauntlet | Noticed a sixfirhy
 10528 | Gauntlet | Found a transporter.
 10537 | Gauntlet | Found a transporter.
 10592 | Gauntlet | Found a transporter.
 10677 | Gauntlet | 10677 ||| INVOKING Heroism.
 10745 | Gauntlet | 10745 ||| READING scroll of enchant weapon.
 10745 | Gauntlet | 10745 ||| ENCHANTING +5 war axe of freezing.
 10763 | Gauntlet | 10763 ||| INVOKING Heroism.
 10791 | Gauntlet | 10791 ||| READING scroll labelled FODOES UMUSE.
 10801 | Gauntlet | 10801 ||| INVOKING Heroism.
 10817 | Gauntlet | Killed a dire elephant
 10818 | Gauntlet | HP: 14/67 [elephant (6)]
 10824 | Gauntlet | Reached skill level 6 in Invocations
 10824 | Gauntlet | Reached XP level 12. HP: 16/72 MP: 16/16
 10835 | Gauntlet | Reached ***** piety under Okawaru
 10835 | Gauntlet | Received a gift from Okawaru
 11009 | Gauntlet | Identified the +0 pair of boots "Zogie" {Dex+3}
 11011 | Gauntlet | 11011 ||| UPGRADING to +0 pair of boots "Zogie" {Dex+3}.
 11021 | Gauntlet | 11021 ||| DROPPING +0 pair of boots.
 11022 | Gauntlet | 11022 ||| DROPPING ring of magical power.
 11031 | Gauntlet | Noticed a minotaur
 11033 | Gauntlet | 11033 ||| INVOKING Heroism.
 11034 | Gauntlet | 11034 ||| INVOKING Finesse.
 11048 | Gauntlet | Killed a minotaur
 11208 | Gauntlet | Identified the ring "Jopty" {Wiz Will+ Str+2}
 11208 | Gauntlet | Identified the ring "Sahylaih" {rC+ Will- Str-4 Slay+5
                  | SInv}
 11210 | Gauntlet | 11210 ||| DROPPING +0 antimagic whip.
 11268 | Gauntlet | 11268 ||| UPGRADING to ring "Jopty" {Wiz Will+ Str+2}.
 11269 | Gauntlet | 11269 ||| UPGRADING to ring "Sahylaih" {rC+ Will- Str-4
                  | Slay+5 SInv}.
 11286 | Lair:1   | 11286 ||| PLANNING LAIR
 11451 | Lair:1   | Identified the +0 whip "Falurak" {vamp, rF+ rN+ Str+3}
 11453 | Lair:1   | 11453 ||| DROPPING +0 flail.
 11638 | Lair:2   | Found a staircase to the Shoals.
 11666 | Lair:2   | Noticed a catoblepas
 11667 | Lair:2   | 11667 ||| INVOKING Heroism.
 11676 | Lair:2   | Killed a catoblepas
 11704 | Lair:2   | 11704 ||| INVOKING Heroism.
 11705 | Lair:2   | 11705 ||| Stepping ~*~*~tactically~*~*~ (stealth).
 11720 | Lair:2   | 11720 ||| Stepping ~*~*~tactically~*~*~ (stealth).
 11734 | Lair:2   | 11734 ||| INVOKING Heroism.
 11825 | Lair:2   | 11825 ||| Stepping ~*~*~tactically~*~*~ (stealth).
 11827 | Lair:2   | 11827 ||| Stepping ~*~*~tactically~*~*~ (stealth).
 11828 | Lair:2   | 11828 ||| Stepping ~*~*~tactically~*~*~ (stealth).
 11837 | Lair:2   | 11837 ||| Stepping ~*~*~tactically~*~*~ (stealth).
 11852 | Lair:2   | 11852 ||| Stepping ~*~*~tactically~*~*~ (stealth).
 11887 | Lair:2   | 11887 ||| Stepping ~*~*~tactically~*~*~ (stealth).
 11888 | Lair:2   | 11888 ||| INVOKING Heroism.
 11889 | Lair:2   | 11889 ||| Stepping ~*~*~tactically~*~*~ (stealth).
 11891 | Lair:2   | 11891 ||| Stepping ~*~*~tactically~*~*~ (stealth).
 11962 | Lair:2   | 11962 ||| Stepping ~*~*~tactically~*~*~ (hiding).
 11966 | Lair:2   | 11966 ||| INVOKING Heroism.
 11978 | Lair:2   | Reached skill level 3 in Throwing
 11981 | Lair:2   | Found a hole to the Spider Nest.
 12437 | Lair:3   | 12437 ||| INVOKING Heroism.
 12444 | Lair:3   | Reached skill level 9 in Invocations
 12445 | Lair:3   | Noticed a catoblepas
 12446 | Lair:3   | 12446 ||| INVOKING Finesse.
 12454 | Lair:3   | Identified the +1 buckler "Niyby" {Int+3 Dex+4} (Okawaru
                  | gifted it to you on level 3 of the Lair of Beasts)
 12454 | Lair:3   | Received a gift from Okawaru
 12463 | Lair:3   | Killed a catoblepas
 12571 | Lair:3   | 12571 ||| Stepping ~*~*~tactically~*~*~ (stealth).
 12573 | Lair:3   | 12573 ||| INVOKING Heroism.
 12593 | Lair:3   | 12593 ||| Stepping ~*~*~tactically~*~*~ (stealth).
 12598 | Lair:3   | Reached XP level 13. HP: 78/78 MP: 20/20
 12665 | Lair:3   | 12665 ||| INVOKING Heroism.
 12727 | Lair:3   | 12727 ||| INVOKING Heroism.
 12728 | Lair:3   | 12728 ||| Stepping ~*~*~tactically~*~*~ (stealth).
 12729 | Lair:3   | 12729 ||| Stepping ~*~*~tactically~*~*~ (stealth).
 12801 | Lair:3   | Found a white marble altar of Elyvilon.
 12808 | Lair:3   | Noticed Snorg
 12809 | Lair:3   | 12809 ||| INVOKING Heroism.
 12810 | Lair:3   | 12810 ||| INVOKING Finesse.
 12828 | Lair:3   | Killed Snorg
 12829 | Lair:3   | Reached skill level 9 in Armour
 12891 | Lair:3   | 12891 ||| Stepping ~*~*~tactically~*~*~ (stealth).
 12894 | Lair:3   | 12894 ||| Stepping ~*~*~tactically~*~*~ (stealth).
 12924 | Lair:3   | 12924 ||| INVOKING Heroism.
 12925 | Lair:3   | 12925 ||| INVOKING Finesse.
 12980 | Lair:3   | 12980 ||| INVOKING Heroism.
 13339 | Lair:3   | Reached skill level 9 in Fighting
 13612 | Lair:4   | 13612 ||| Stepping ~*~*~tactically~*~*~ (hiding).
 13615 | Lair:4   | 13615 ||| INVOKING Heroism.
 13631 | Lair:4   | 13631 ||| Stepping ~*~*~tactically~*~*~ (stealth).
 13633 | Lair:4   | 13633 ||| Stepping ~*~*~tactically~*~*~ (stealth).
 13636 | Lair:4   | 13636 ||| Stepping ~*~*~tactically~*~*~ (stealth).
 13637 | Lair:4   | 13637 ||| Stepping ~*~*~tactically~*~*~ (stealth).
 13797 | Lair:4   | 13797 ||| INVOKING Heroism.
 13844 | Lair:4   | 13844 ||| Stepping ~*~*~tactically~*~*~ (stealth).
 14071 | Lair:4   | 14071 ||| Stepping ~*~*~tactically~*~*~ (stealth).
 14072 | Lair:4   | 14072 ||| Stepping ~*~*~tactically~*~*~ (stealth).
 14172 | Lair:4   | 14172 ||| INVOKING Heroism.
 14206 | Lair:4   | Identified the +1 robe of Sorcery {Harm Drain Will+ rCorr}
 14331 | Lair:4   | Received a gift from Okawaru
 14334 | Lair:4   | 14334 ||| Stepping ~*~*~tactically~*~*~ (stealth).
 14336 | Lair:4   | 14336 ||| Stepping ~*~*~tactically~*~*~ (stealth).
 14518 | Lair:5   | Entered Level 5 of the Lair of Beasts
 14591 | Lair:5   | 14591 ||| INVOKING Heroism.
 14611 | Lair:5   | Reached skill level 12 in Axes
 14635 | Lair:5   | 14635 ||| INVOKING Finesse.
 14638 | Lair:5   | 14638 ||| INVOKING Heroism.
 14640 | Lair:5   | 14640 ||| SWAPPING to +0 whip "Falurak" {vamp, rF+ rN+
                  | Str+3}.
 14650 | Lair:5   | Reached skill level 3 in Dodging
 14650 | Lair:5   | 14650 ||| SWAPPING to +6 war axe of freezing.
 14699 | Lair:5   | 14699 ||| INVOKING Heroism.
 14733 | Lair:5   | 14733 ||| Stepping ~*~*~tactically~*~*~ (water).
 14740 | Lair:5   | 14740 ||| INVOKING Heroism.
 14773 | Lair:5   | 14773 ||| INVOKING Finesse.
 14779 | Lair:5   | Gained mutation: Your large and strong wings let you fly.
                  | [Gargoyle growth]
 14779 | Lair:5   | Reached XP level 14. HP: 82/86 MP: 15/21
 14842 | Lair:5   | 14842 ||| Stepping ~*~*~tactically~*~*~ (stealth).
 14846 | Lair:5   | Identified the staff of earth "Ysche" {+Blink rCorr Dex-5}
 14849 | Lair:5   | 14849 ||| READING scroll of enchant weapon.
 14849 | Lair:5   | 14849 ||| ENCHANTING +6 war axe of freezing.
 14871 | Lair:5   | Identified the +6 long sword of a volcano {freeze, SInv}
 14888 | Lair:5   | Found a viscous altar of Jiyva.
 14888 | Lair:5   | Found a staircase to the Slime Pits.
 15032 | Lair:5   | 15032 ||| INVOKING Heroism.
 15061 | Lair:5   | Received a gift from Okawaru
 15082 | Lair:5   | 15082 ||| Stepping ~*~*~tactically~*~*~ (hiding).
 15083 | Lair:5   | 15083 ||| Stepping ~*~*~tactically~*~*~ (hiding).
 15556 | Lair:5   | 15556 ||| PLANNING D:1-11
 15556 | Lair:5   | 15556 ||| UPGRADING to +1 crystal plate armour.
 15566 | Lair:5   | 15566 ||| DROPPING +1 plate armour.
 15567 | Lair:5   | 15567 ||| DROPPING ring of positive energy.
 15568 | Lair:5   | 15568 ||| READING 8 scrolls of identify.
 15568 | Lair:5   | 15568 ||| IDENTIFYING metallic cyan potion
 15569 | Lair:5   | 15569 ||| READING 7 scrolls of identify.
 15569 | Lair:5   | 15569 ||| IDENTIFYING bubbling blue potion
 15570 | Lair:5   | 15570 ||| DROPPING potion of invisibility.
 15582 | Lair:5   | 15582 ||| Stepping ~*~*~tactically~*~*~ (stealth).
 15734 | D:11     | 15734 ||| READING scroll of enchant armour.
 15734 | D:11     | 15734 ||| ENCHANTING +1 crystal plate armour.
 15779 | D:11     | Noticed Nergalle
 15780 | D:11     | 15780 ||| Stepping ~*~*~tactically~*~*~ (hiding).
 15793 | D:11     | Killed Nergalle
 15804 | D:11     | 15804 ||| FLEEEEING.
 15805 | D:11     | 15805 ||| FLEEEEING.
 15806 | D:11     | 15806 ||| FLEEEEING.
 15807 | D:11     | 15807 ||| FLEEEEING.
 15808 | D:11     | 15808 ||| FLEEEEING.
 15809 | D:11     | 15809 ||| FLEEEEING.
 15814 | D:11     | 15814 ||| FLEEEEING.
 15815 | D:11     | 15815 ||| FLEEEEING.
 15816 | D:11     | 15816 ||| FLEEEEING.
 15817 | D:11     | 15817 ||| FLEEEEING.
 15818 | D:11     | 15818 ||| FLEEEEING.
 15819 | D:11     | 15819 ||| FLEEEEING.
 15830 | D:11     | 15830 ||| FLEEEEING.
 15881 | D:11     | 15881 ||| READING scroll of enchant weapon.
 15881 | D:11     | 15881 ||| ENCHANTING +7 war axe of freezing.
 15905 | D:11     | 15905 ||| Stepping ~*~*~tactically~*~*~ (stealth).
 15916 | D:11     | 15916 ||| Stepping ~*~*~tactically~*~*~ (stealth).
 15918 | D:11     | 15918 ||| Stepping ~*~*~tactically~*~*~ (hiding).
 15967 | D:11     | 15967 ||| READING scroll of enchant weapon.
 15967 | D:11     | 15967 ||| ENCHANTING +8 war axe of freezing.
 16009 | D:11     | Found a bloodstained altar of Trog.
 16242 | D:11     | 16242 ||| PLANNING D
 16242 | D:11     | 16242 ||| DRINKING 2 sedimented amethyst potions.
 16249 | D:12     | Found Jocaeruc's Magic Scroll Shop.
 16269 | D:12     | 16269 ||| BUYING scroll of identify (36 gold).
 16269 | D:12     | Bought a scroll of identify for 36 gold pieces
 16269 | D:12     | 16269 ||| BUYING scroll of teleportation (54 gold).
 16269 | D:12     | Bought a scroll of teleportation for 54 gold pieces
 16364 | D:12     | 16364 ||| Stepping ~*~*~tactically~*~*~ (stealth).
 16372 | D:12     | 16372 ||| Stepping ~*~*~tactically~*~*~ (stealth).
 16373 | D:12     | 16373 ||| Stepping ~*~*~tactically~*~*~ (stealth).
 16383 | D:12     | 16383 ||| Stepping ~*~*~tactically~*~*~ (stealth).
 16387 | D:12     | 16387 ||| Stepping ~*~*~tactically~*~*~ (stealth).
 16390 | D:12     | Found Cojuf's Armour Boutique.
 16390 | D:12     | Found a staircase to the Orcish Mines.
 16390 | D:12     | Found Ynepizam's Weapon Boutique.
 16482 | D:12     | 16482 ||| Stepping ~*~*~tactically~*~*~ (stealth).
 16484 | D:12     | 16484 ||| Stepping ~*~*~tactically~*~*~ (hiding).
 16486 | D:12     | 16486 ||| Stepping ~*~*~tactically~*~*~ (hiding).
 16487 | D:12     | 16487 ||| Stepping ~*~*~tactically~*~*~ (hiding).
 16488 | D:12     | 16488 ||| Stepping ~*~*~tactically~*~*~ (hiding).
 16489 | D:12     | 16489 ||| Stepping ~*~*~tactically~*~*~ (stealth).
 16673 | D:12     | 16673 ||| FLEEEEING.
 17279 | D:13     | 17279 ||| Stepping ~*~*~tactically~*~*~ (hiding).
 17280 | D:13     | 17280 ||| Stepping ~*~*~tactically~*~*~ (hiding).
 17281 | D:13     | 17281 ||| Stepping ~*~*~tactically~*~*~ (hiding).
 17282 | D:13     | 17282 ||| Stepping ~*~*~tactically~*~*~ (hiding).
 17283 | D:13     | 17283 ||| Stepping ~*~*~tactically~*~*~ (hiding).
 17284 | D:13     | 17284 ||| Stepping ~*~*~tactically~*~*~ (hiding).
 17286 | D:13     | 17286 ||| Stepping ~*~*~tactically~*~*~ (hiding).
 17291 | D:13     | 17291 ||| Stepping ~*~*~tactically~*~*~ (hiding).
 17302 | D:13     | Reached skill level 12 in Armour
 17357 | D:13     | 17357 ||| INVOKING Heroism.
 17488 | D:13     | Found Wugeas's Assorted Antiques.
 17497 | D:13     | 17497 ||| BUYING scroll labelled ZUSIYCI NADUD (37 gold).
 17497 | D:13     | Bought a scroll labelled ZUSIYCI NADUD for 37 gold pieces
 17497 | D:13     | 17497 ||| BUYING wand of digging (4) (621 gold).
 17497 | D:13     | Bought a wand of digging (4) for 621 gold pieces
 17517 | D:13     | 17517 ||| INVOKING Heroism.
 17518 | D:13     | 17518 ||| INVOKING Finesse.
 17605 | D:13     | Received a gift from Okawaru
 17847 | D:13     | Noticed Erolcha
 17848 | D:13     | 17848 ||| DRINKING 12 potions of curing.
 17848 | D:13     | 17848 ||| (to cure confusion)
 17849 | D:13     | 17849 ||| Stepping ~*~*~tactically~*~*~ (hiding).
 17853 | D:13     | 17853 ||| INVOKING Heroism.
 17857 | D:13     | 17857 ||| INVOKING Finesse.
 17860 | D:13     | Killed Erolcha
 17963 | D:13     | 17963 ||| INVOKING Heroism.
 17964 | D:13     | 17964 ||| READING 13 scrolls of teleportation.
 18127 | D:13     | 18127 ||| DROPPING scarf of harm.
 18128 | D:13     | 18128 ||| READING scroll labelled ZUSIYCI NADUD.
 18128 | D:13     | 18128 ||| ACQUIRING 878 gold pieces
 18128 | D:13     | Acquired 878 gold pieces
 18166 | D:14     | Identified the +6 long sword of qw's Dismemberment {heavy,
                  | rC+ Str+4}
 18196 | D:14     | 18196 ||| Stepping ~*~*~tactically~*~*~ (hiding).
 18408 | D:14     | Found a runed translucent gate.
 18408 | D:14     | Found a runed translucent gate.
 18408 | D:14     | Found a runed translucent gate.
 18443 | D:14     | Noticed Wociock's ghost (journeyman DgHW)
 18482 | D:14     | 18482 ||| Stepping ~*~*~tactically~*~*~ (hiding).
 18484 | D:14     | 18484 ||| INVOKING Heroism.
 18485 | D:14     | 18485 ||| INVOKING Finesse.
 18540 | D:14     | Found a gate to the Vaults.
 18742 | D:14     | 18742 ||| Stepping ~*~*~tactically~*~*~ (hiding).
 18750 | D:14     | Reached skill level 15 in Shields
 18958 | D:14     | 18958 ||| INVOKING Heroism.
 18960 | D:14     | 18960 ||| SWAPPING to +0 whip "Falurak" {vamp, rF+ rN+
                  | Str+3}.
 18970 | D:14     | 18970 ||| SWAPPING to +9 war axe of freezing.
 19081 | D:14     | 19081 ||| INVOKING Heroism.
 19082 | D:14     | 19082 ||| READING 15 scrolls of teleportation.
 19306 | D:15     | Entered Level 15 of the Dungeon
 19337 | D:15     | Identified the +10 whip "Moxt" {holy, *Slow rC+ Will+}
 19411 | D:15     | 19411 ||| INVOKING Heroism.
 19454 | D:15     | Reached XP level 15. HP: 50/92 MP: 22/22
 19675 | D:15     | 19675 ||| Stepping ~*~*~tactically~*~*~ (stealth).
 19698 | D:15     | Received a gift from Okawaru
 19754 | D:15     | Found a staircase to the Depths.
 19805 | D:15     | Found a glowing golden altar of the Shining One.
 19833 | D:15     | Identified the +1 robe of Rotation {Harm rC++ Dex-3 Slay+3
                  | SInv}
 19874 | D:15     | 19874 ||| INVOKING Heroism.
 19875 | D:15     | 19875 ||| INVOKING Finesse.
 19879 | D:15     | 19879 ||| SWAPPING to +0 whip "Falurak" {vamp, rF+ rN+
                  | Str+3}.
 19890 | D:15     | 19890 ||| SWAPPING to +9 war axe of freezing.
 20077 | D:15     | 20077 ||| Stepping ~*~*~tactically~*~*~ (hiding).
 20234 | D:15     | 20234 ||| PLANNING ORC
 20305 | Orc:1    | Entered Level 1 of the Orcish Mines
 20369 | Orc:1    | 20369 ||| INVOKING Heroism.
 20376 | Orc:1    | Paralysed by an orc sorcerer for 5 turns
 20560 | Orc:2    | Entered Level 2 of the Orcish Mines
 20569 | Orc:2    | 20569 ||| INVOKING Heroism.
 20598 | Orc:2    | Received a gift from Okawaru
 20608 | Orc:2    | 20608 ||| INVOKING Heroism.
 20616 | Orc:2    | HP: 16/92 [orc warrior/+0 battleaxe (23)]
 20617 | Orc:2    | 20617 ||| READING 14 scrolls of teleportation.
 20618 | Orc:2    | 20618 ||| DRINKING potion of heal wounds.
 20625 | Orc:2    | 20625 ||| FLEEEEING.
 20626 | Orc:2    | 20626 ||| FLEEEEING.
 20627 | Orc:2    | 20627 ||| FLEEEEING.
 20628 | Orc:2    | 20628 ||| FLEEEEING.
 20629 | Orc:2    | 20629 ||| Stepping ~*~*~tactically~*~*~ (stealth).
 20630 | Orc:2    | 20630 ||| FLEEEEING.
 20631 | Orc:2    | 20631 ||| FLEEEEING.
 20632 | Orc:2    | 20632 ||| Stepping ~*~*~tactically~*~*~ (stealth).
 20633 | Orc:2    | 20633 ||| Stepping ~*~*~tactically~*~*~ (stealth).
 20634 | Orc:2    | 20634 ||| Stepping ~*~*~tactically~*~*~ (stealth).
 20669 | Orc:2    | 20669 ||| Stepping ~*~*~tactically~*~*~ (hiding).
 20672 | Orc:2    | 20672 ||| INVOKING Heroism.
 20677 | Orc:2    | 20677 ||| Stepping ~*~*~tactically~*~*~ (hiding).
 20682 | Orc:2    | 20682 ||| Stepping ~*~*~tactically~*~*~ (hiding).
 20691 | Orc:2    | 20691 ||| INVOKING Heroism.
 20693 | Orc:2    | 20693 ||| FLEEEEING.
 20694 | Orc:2    | 20694 ||| FLEEEEING.
 20702 | Orc:2    | 20702 ||| Stepping ~*~*~tactically~*~*~ (hiding).
 20708 | Orc:2    | 20708 ||| Stepping ~*~*~tactically~*~*~ (stealth).
 20774 | Orc:2    | 20774 ||| Stepping ~*~*~tactically~*~*~ (stealth).
 20775 | Orc:2    | 20775 ||| Stepping ~*~*~tactically~*~*~ (stealth).
 20783 | Orc:2    | 20783 ||| FLEEEEING.
 20784 | Orc:2    | 20784 ||| FLEEEEING.
 20785 | Orc:2    | 20785 ||| FLEEEEING.
 20786 | Orc:2    | 20786 ||| FLEEEEING.
 20787 | Orc:2    | 20787 ||| FLEEEEING.
 20788 | Orc:2    | 20788 ||| FLEEEEING.
 20789 | Orc:2    | 20789 ||| FLEEEEING.
 20790 | Orc:2    | 20790 ||| FLEEEEING.
 20791 | Orc:2    | 20791 ||| FLEEEEING.
 20792 | Orc:2    | 20792 ||| FLEEEEING.
 20793 | Orc:2    | 20793 ||| FLEEEEING.
 20794 | Orc:2    | 20794 ||| STAIRDANCE
 20832 | Orc:2    | 20832 ||| Stepping ~*~*~tactically~*~*~ (hiding).
 20833 | Orc:2    | 20833 ||| Stepping ~*~*~tactically~*~*~ (hiding).
 20866 | Orc:2    | 20866 ||| Stepping ~*~*~tactically~*~*~ (stealth).
 20870 | Orc:2    | 20870 ||| Stepping ~*~*~tactically~*~*~ (hiding).
 20871 | Orc:2    | 20871 ||| Stepping ~*~*~tactically~*~*~ (hiding).
 20872 | Orc:2    | 20872 ||| Stepping ~*~*~tactically~*~*~ (hiding).
 20873 | Orc:2    | 20873 ||| Stepping ~*~*~tactically~*~*~ (hiding).
 20874 | Orc:2    | 20874 ||| Stepping ~*~*~tactically~*~*~ (hiding).
 20875 | Orc:2    | 20875 ||| Stepping ~*~*~tactically~*~*~ (hiding).
 20876 | Orc:2    | 20876 ||| INVOKING Heroism.
 20891 | Orc:2    | 20891 ||| DROPPING +10 whip "Moxt" {holy, *Slow rC+ Will+}.
 20973 | Orc:2    | 20973 ||| Stepping ~*~*~tactically~*~*~ (stealth).
 20974 | Orc:2    | 20974 ||| Stepping ~*~*~tactically~*~*~ (stealth).
 20975 | Orc:2    | 20975 ||| Stepping ~*~*~tactically~*~*~ (stealth).
 20976 | Orc:2    | 20976 ||| Stepping ~*~*~tactically~*~*~ (stealth).
 20977 | Orc:2    | 20977 ||| Stepping ~*~*~tactically~*~*~ (stealth).
 21002 | Orc:2    | Found a staircase to the Elven Halls.
 21042 | Orc:2    | 21042 ||| Stepping ~*~*~tactically~*~*~ (stealth).
 21043 | Orc:2    | 21043 ||| Stepping ~*~*~tactically~*~*~ (stealth).
 21066 | Orc:1    | 21066 ||| INVOKING Heroism.
 21112 | Orc:1    | 21112 ||| INVOKING Heroism.
 21203 | Orc:1    | 21203 ||| Stepping ~*~*~tactically~*~*~ (stealth).
 21208 | Orc:1    | 21208 ||| Stepping ~*~*~tactically~*~*~ (hiding).
 21501 | Orc:2    | Found Iboath's Distillery.
 21501 | Orc:2    | Found Ecwasoy's Book Shop.
 21501 | Orc:2    | Found Teugek's Assorted Antiques.
 21504 | Orc:2    | Found Celuy's General Store.
 21508 | Orc:2    | 21508 ||| BUYING potion of attraction (36 gold).
 21508 | Orc:2    | Bought a potion of attraction for 36 gold pieces
 21508 | Orc:2    | 21508 ||| BUYING potion of curing (36 gold).
 21508 | Orc:2    | Bought a potion of curing for 36 gold pieces
 21508 | Orc:2    | 21508 ||| BUYING potion of curing (36 gold).
 21508 | Orc:2    | Bought a potion of curing for 36 gold pieces
 21508 | Orc:2    | 21508 ||| BUYING potion of heal wounds (60 gold).
 21508 | Orc:2    | Bought a potion of heal wounds for 60 gold pieces
 21508 | Orc:2    | 21508 ||| BUYING potion of heal wounds (60 gold).
 21508 | Orc:2    | Bought a potion of heal wounds for 60 gold pieces
 21508 | Orc:2    | 21508 ||| BUYING potion of heal wounds (60 gold).
 21508 | Orc:2    | Bought a potion of heal wounds for 60 gold pieces
 21508 | Orc:2    | 21508 ||| BUYING potion of magic (96 gold).
 21508 | Orc:2    | Bought a potion of magic for 96 gold pieces
 21508 | Orc:2    | 21508 ||| BUYING potion of might (48 gold).
 21508 | Orc:2    | Bought a potion of might for 48 gold pieces
 21508 | Orc:2    | 21508 ||| BUYING potion of might (48 gold).
 21508 | Orc:2    | Bought a potion of might for 48 gold pieces
 21511 | Orc:2    | 21511 ||| BUYING 2 potions of resistance (660 gold).
 21511 | Orc:2    | Bought 2 potions of resistance for 660 gold pieces
 21511 | Orc:2    | 21511 ||| BUYING potion of curing (99 gold).
 21511 | Orc:2    | Bought a potion of curing for 99 gold pieces
 21511 | Orc:2    | 21511 ||| BUYING potion of haste (330 gold).
 21511 | Orc:2    | Bought a potion of haste for 330 gold pieces
 21511 | Orc:2    | 21511 ||| SHOPLISTING scroll of acquirement (1716 gold,
                  | have 759).
 21511 | Orc:2    | 21511 ||| BUYING scroll of enchant weapon (247 gold).
 21511 | Orc:2    | Bought a scroll of enchant weapon for 247 gold pieces
 21516 | Orc:2    | 21516 ||| BUYING +1 morningstar of flaming (198 gold).
 21516 | Orc:2    | Bought a +1 morningstar of flaming for 198 gold pieces
 21516 | Orc:2    | 21516 ||| BUYING scroll of teleportation (42 gold).
 21516 | Orc:2    | Bought a scroll of teleportation for 42 gold pieces
 21516 | Orc:2    | 21516 ||| DROPPING +0 morningstar.
 21531 | Orc:2    | Noticed Maurice
 21532 | Orc:2    | 21532 ||| Stepping ~*~*~tactically~*~*~ (hiding).
 21535 | Orc:2    | 21535 ||| Stepping ~*~*~tactically~*~*~ (hiding).
 21542 | Orc:2    | Killed Maurice
 21918 | Orc:2    | 21918 ||| PLANNING SHOALS:1-3
 22100 | Shoals:1 | Entered Level 1 of the Shoals
 22157 | Shoals:1 | 22157 ||| Stepping ~*~*~tactically~*~*~ (stealth).
 22158 | Shoals:1 | 22158 ||| Stepping ~*~*~tactically~*~*~ (stealth).
 22293 | Shoals:1 | 22293 ||| Stepping ~*~*~tactically~*~*~ (hiding).
 22296 | Shoals:1 | 22296 ||| Stepping ~*~*~tactically~*~*~ (hiding).
 22406 | Shoals:1 | 22406 ||| Stepping ~*~*~tactically~*~*~ (hiding).
 22407 | Shoals:1 | 22407 ||| Stepping ~*~*~tactically~*~*~ (hiding).
 22534 | Shoals:1 | 22534 ||| Stepping ~*~*~tactically~*~*~ (hiding).
 22535 | Shoals:1 | 22535 ||| Stepping ~*~*~tactically~*~*~ (hiding).
 22668 | Shoals:1 | 22668 ||| Stepping ~*~*~tactically~*~*~ (hiding).
 22670 | Shoals:1 | 22670 ||| Stepping ~*~*~tactically~*~*~ (hiding).
 22671 | Shoals:1 | 22671 ||| Stepping ~*~*~tactically~*~*~ (hiding).
 22672 | Shoals:1 | 22672 ||| Stepping ~*~*~tactically~*~*~ (hiding).
 22673 | Shoals:1 | 22673 ||| Stepping ~*~*~tactically~*~*~ (hiding).
 22674 | Shoals:1 | 22674 ||| INVOKING Heroism.
 22675 | Shoals:1 | 22675 ||| INVOKING Finesse.
 22779 | Shoals:1 | 22779 ||| Stepping ~*~*~tactically~*~*~ (hiding).
 22781 | Shoals:1 | 22781 ||| Stepping ~*~*~tactically~*~*~ (hiding).
 22912 | Shoals:1 | Received a gift from Okawaru
 22950 | Shoals:1 | 22950 ||| INVOKING Heroism.
 23439 | Shoals:1 | 23439 ||| DROPPING amulet of magic regeneration.
 23440 | Shoals:1 | 23440 ||| UPGRADING to +4 ring of slaying {mikee}.
 23497 | Shoals:2 | 23497 ||| Stepping ~*~*~tactically~*~*~ (hiding).
 23519 | Shoals:2 | Received a gift from Okawaru
 23522 | Shoals:2 | 23522 ||| SWAPPING to +1 broad axe of freezing.
 23523 | Shoals:2 | 23523 ||| DROPPING +9 war axe of freezing.
 23524 | Shoals:2 | 23524 ||| READING 2 scrolls of enchant weapon.
 23524 | Shoals:2 | 23524 ||| ENCHANTING +1 broad axe of freezing.
 23525 | Shoals:2 | 23525 ||| READING scroll of enchant weapon.
 23525 | Shoals:2 | 23525 ||| ENCHANTING +2 broad axe of freezing.
 23627 | Shoals:2 | 23627 ||| INVOKING Heroism.
 23802 | Shoals:2 | Reached XP level 16. HP: 92/100 MP: 23/23
 23823 | Shoals:2 | 23823 ||| Stepping ~*~*~tactically~*~*~ (stealth).
 23889 | Shoals:2 | 23889 ||| Stepping ~*~*~tactically~*~*~ (hiding).
 23891 | Shoals:2 | 23891 ||| Stepping ~*~*~tactically~*~*~ (hiding).
 23892 | Shoals:2 | 23892 ||| Stepping ~*~*~tactically~*~*~ (hiding).
 23893 | Shoals:2 | 23893 ||| Stepping ~*~*~tactically~*~*~ (hiding).
 24099 | Shoals:2 | 24099 ||| INVOKING Heroism.
 24101 | Shoals:2 | Reached skill level 15 in Axes
 24233 | Shoals:2 | 24233 ||| INVOKING Heroism.
 24279 | Shoals:2 | Identified the +10 battleaxe of Perversion {freeze, Will+
                  | Dex+3}
 24294 | Shoals:2 | 24294 ||| READING scroll of brand weapon.
 24294 | Shoals:2 | 24294 ||| BRANDING +3 broad axe of freezing.
 24408 | Shoals:2 | 24408 ||| READING scroll of enchant armour.
 24408 | Shoals:2 | 24408 ||| ENCHANTING +2 crystal plate armour.
 24520 | Shoals:2 | Reached skill level 12 in Fighting
 24552 | Shoals:2 | Found a runed translucent gate.
 24552 | Shoals:2 | Found a runed translucent gate.
 24553 | Shoals:2 | Found a runed translucent gate.
 24554 | Shoals:2 | Noticed finalsalamander's ghost (adept HOMo)
 24858 | Shoals:2 | 24858 ||| DROPPING +2 plate armour of cold resistance.
 24875 | Shoals:3 | 24875 ||| INVOKING Heroism.
 24894 | Shoals:3 | Received a gift from Okawaru
 24931 | Shoals:3 | 24931 ||| FLEEEEING.
 24933 | Shoals:3 | 24933 ||| STAIRDANCE
 25083 | Shoals:3 | Found Cubas's Distillery.
 25109 | Shoals:3 | Received a gift from Okawaru
 25140 | Shoals:3 | 25140 ||| INVOKING Heroism.
 25149 | Shoals:3 | 25149 ||| Stepping ~*~*~tactically~*~*~ (hiding).
 25152 | Shoals:3 | 25152 ||| Stepping ~*~*~tactically~*~*~ (hiding).
 25200 | Shoals:3 | 25200 ||| FLEEEEING.
 25262 | Shoals:3 | 25262 ||| Stepping ~*~*~tactically~*~*~ (hiding).
 25263 | Shoals:3 | 25263 ||| Stepping ~*~*~tactically~*~*~ (hiding).
 25310 | Shoals:3 | 25310 ||| BUYING potion of cancellation (144 gold).
 25310 | Shoals:3 | Bought a potion of cancellation for 144 gold pieces
 25310 | Shoals:3 | 25310 ||| BUYING potion of curing (54 gold).
 25310 | Shoals:3 | Bought a potion of curing for 54 gold pieces
 25310 | Shoals:3 | 25310 ||| SHOPLISTING potion of experience (900 gold, have
                  | 326).
 25310 | Shoals:3 | 25310 ||| BUYING potion of heal wounds (90 gold).
 25310 | Shoals:3 | Bought a potion of heal wounds for 90 gold pieces
 25310 | Shoals:3 | 25310 ||| BUYING potion of might (72 gold).
 25310 | Shoals:3 | Bought a potion of might for 72 gold pieces
 25310 | Shoals:3 | 25310 ||| BUYING potion of mutation (144 gold).
 25310 | Shoals:3 | Bought a potion of mutation for 144 gold pieces
 25363 | Shoals:3 | 25363 ||| Stepping ~*~*~tactically~*~*~ (stealth).
 25364 | Shoals:3 | 25364 ||| Stepping ~*~*~tactically~*~*~ (stealth).
 25365 | Shoals:3 | 25365 ||| Stepping ~*~*~tactically~*~*~ (stealth).
 25407 | Shoals:3 | 25407 ||| FLEEEEING.
 25482 | Shoals:3 | 25482 ||| Stepping ~*~*~tactically~*~*~ (hiding).
 25483 | Shoals:3 | 25483 ||| Stepping ~*~*~tactically~*~*~ (hiding).
 25484 | Shoals:3 | 25484 ||| Stepping ~*~*~tactically~*~*~ (hiding).
 25485 | Shoals:3 | 25485 ||| Stepping ~*~*~tactically~*~*~ (hiding).
 25529 | Shoals:3 | 25529 ||| Stepping ~*~*~tactically~*~*~ (stealth).
 25539 | Shoals:3 | Reached ****** piety under Okawaru
 25594 | Shoals:3 | 25594 ||| INVOKING Heroism.
 25933 | Shoals:3 | 25933 ||| Stepping ~*~*~tactically~*~*~ (stealth).
 25943 | Shoals:3 | Identified the +2 tower shield of Bursted Birdsong {Will+}
                  | (Okawaru gifted it to you on level 3 of the Shoals)
 25943 | Shoals:3 | Received a gift from Okawaru
 26180 | Shoals:3 | 26180 ||| PLANNING SPIDER:1-3
 26180 | Shoals:3 | 26180 ||| UPGRADING to +2 tower shield of Bursted Birdsong
                  | {Will+}.
 26190 | Shoals:3 | 26190 ||| DROPPING +0 tower shield.
 26191 | Shoals:3 | 26191 ||| DROPPING ring of willpower.
 26323 | Spider:1 | Entered Level 1 of the Spider Nest
 26328 | Spider:1 | 26328 ||| INVOKING Finesse.
 26369 | Spider:1 | 26369 ||| Stepping ~*~*~tactically~*~*~ (stealth).
 26425 | Spider:1 | 26425 ||| FLEEEEING.
 26426 | Spider:1 | 26426 ||| FLEEEEING.
 26427 | Spider:1 | 26427 ||| STAIRDANCE
 26498 | Spider:1 | 26498 ||| Stepping ~*~*~tactically~*~*~ (stealth).
 26520 | Spider:1 | 26520 ||| INVOKING Heroism.
 26727 | Spider:1 | Reached XP level 17. HP: 106/106 MP: 24/24
 26730 | Spider:1 | 26730 ||| INVOKING Heroism.
 26733 | Spider:1 | 26733 ||| Stepping ~*~*~tactically~*~*~ (stealth).
 26744 | Spider:1 | Reached skill level 15 in Armour
 26747 | Spider:1 | 26747 ||| INVOKING Heroism.
 26749 | Spider:1 | HP: 24/106 [wolf spider[a torpor snail] (8)]
 26750 | Spider:1 | 26750 ||| READING 19 scrolls of teleportation.
 26751 | Spider:1 | 26751 ||| DRINKING 5 potions of heal wounds.
 26754 | Spider:1 | 26754 ||| Stepping ~*~*~tactically~*~*~ (hiding).
 26754 | Spider:1 | HP: 26/106 [wolf spider[a torpor snail] (7)]
 26755 | Spider:1 | 26755 ||| READING 18 scrolls of teleportation.
 26756 | Spider:1 | 26756 ||| DRINKING 4 potions of heal wounds.
 26945 | Spider:1 | 26945 ||| Stepping ~*~*~tactically~*~*~ (stealth).
 26979 | Spider:1 | 26979 ||| INVOKING Heroism.
 26999 | Spider:1 | 26999 ||| INVOKING Finesse.
 27025 | Spider:1 | 27025 ||| INVOKING Finesse.
 27056 | Spider:1 | 27056 ||| Stepping ~*~*~tactically~*~*~ (stealth).
 27057 | Spider:1 | 27057 ||| Stepping ~*~*~tactically~*~*~ (stealth).
 27349 | Spider:1 | 27349 ||| DROPPING +0 pair of boots of stealth.
 27381 | Spider:2 | 27381 ||| INVOKING Heroism.
 27383 | Spider:2 | HP: 18/106 [meliai/divine providence (11)]
 27384 | Spider:2 | 27384 ||| READING 17 scrolls of teleportation.
 27385 | Spider:2 | 27385 ||| DRINKING 3 potions of heal wounds.
 27386 | Spider:2 | 27386 ||| DRINKING 2 potions of heal wounds.
 27390 | Spider:2 | 27390 ||| INVOKING Finesse.
 27414 | Spider:2 | 27414 ||| Stepping ~*~*~tactically~*~*~ (stealth).
 27502 | Spider:2 | 27502 ||| INVOKING Heroism.
 27505 | Spider:2 | 27505 ||| INVOKING Finesse.
 27517 | Spider:2 | Received a gift from Okawaru
 27939 | Spider:2 | 27939 ||| Stepping ~*~*~tactically~*~*~ (stealth).
 27941 | Spider:2 | 27941 ||| INVOKING Heroism.
 28147 | Spider:2 | Noticed Donald
 28148 | Spider:2 | 28148 ||| INVOKING Heroism.
 28149 | Spider:2 | 28149 ||| INVOKING Finesse.
 28154 | Spider:2 | Killed Donald
 28216 | Spider:2 | 28216 ||| Stepping ~*~*~tactically~*~*~ (stealth).
 28220 | Spider:2 | 28220 ||| Stepping ~*~*~tactically~*~*~ (stealth).
 28274 | Spider:2 | 28274 ||| INVOKING Heroism.
 28717 | Spider:3 | 28717 ||| INVOKING Heroism.
 28724 | Spider:3 | 28724 ||| INVOKING Finesse.
 28750 | Spider:3 | HP: 13/106 [disintegration (18)]
 28751 | Spider:3 | 28751 ||| READING 16 scrolls of teleportation.
 28752 | Spider:3 | 28752 ||| DRINKING potion of heal wounds.
 28767 | Spider:3 | 28767 ||| INVOKING Finesse.
 28795 | Spider:3 | 28795 ||| INVOKING Finesse.
 28796 | Spider:3 | 28796 ||| INVOKING Heroism.
 28797 | Spider:3 | HP: 12/108 [redback simulacrum (21)]
 28798 | Spider:3 | 28798 ||| READING 15 scrolls of teleportation.
 28800 | Spider:3 | HP: 5/108 [culicivora (3)]
 28805 | Spider:3 | HP: 3/108 [tarantella (2)]
 28812 | Spider:3 | 28812 ||| FLEEEEING.
 28814 | Spider:3 | 28814 ||| READING 14 scrolls of teleportation.
 28814 | Spider:3 | Slain by a jumping spider

Levels and vault maps discovered:
D:1:      minmay_arrival_split_and_join, layout_loops_ring,
          hangedman_abyss_or_decor_lesser_grid, minivault_11, minmay_nonomino_d4
D:2:      layout_loops_corners, basic_altar,
          ebering_ecumenical_altar_sacrificial, uniq_crazy_yiuf_cottage
D:3:      layout_basic, mainiacjoe_overflow_brackets
D:4:      layout_basic
D:5:      layout_gridville, minivault_14
D:6:      layout_basic, minitemple, nicolae_ossuary_entry_ruins,
          wad_rectangle_vault, uniq_grinder, uniq_eustachio, uniq_pikel,
          uniq_prince_ribbit1
D:7:      layout_basic, minmay_temple_entry_large_hall, minmay_hedge_maze,
          minmay_fractal_squares_5
D:8:      layout_loops_cross, kennysheep_generic_room_10
D:9:      layout_basic, onia_ninara_dug_in_and_dangerous, uniq_maggie
D:10:     layout_cave_pools, grunt_lair_entry_orc_guard_hut,
          gammafunk_ghost_split, minmay_misc_feat_alley
D:11:     layout_rooms, trog_butcher_becter, uniq_nergalle
D:12:     layout_basic, orc_david_3, serial_shops,
          nicolae_shop_temple_entry_statues_fountains, lemuel_flamethrower_2
D:13:     layout_basic, serial_shops, nicolae_shop_crystal, uniq_erolcha
D:14:     layout_stronghold, david_vaults_4, gammafunk_ghost_spectres,
          small_statue_alley_a
D:15:     gammafunk_enter_depths_forms, layout_irregular_city, tso_metal_star,
          hangedman_decor_push
Temple:   minmay_temple_curvy_loop
Lair:1:   layout_concentric_octagons, gauntlet_entry_generic, lemuel_fruit_tree
Lair:2:   layout_roguey, shoals_dummy_entry, spider_nest_entry_funnel_web,
          kennysheep_rathole
Lair:3:   layout_regular_city, basic_altar, infiniplex_staircase_pool_2,
          grunt_megastairs_2, uniq_snorg
Lair:4:   layout_cellular_growth
Lair:5:   gammafunk_lair_ancient_temple, layout_regular_city,
          nicolae_slime_entry_slimehenge
Shoals:1: layout_shoals
Shoals:2: layout_shoals, gammafunk_ghost_tricky_traps
Shoals:3: layout_shoals, serial_shops, shop
Spider:1: layout_spider_delve
Spider:2: layout_cave_pods, uniq_donald
Spider:3: layout_spider_delve, worms_lemuel
Orc:1:    layout_caves, basic_altar, nicolae_orc_sculptors_studio,
          guppyfry_orc_lava_fort
Orc:2:    st_orc_rangers, layout_caves, nicolae_orc_crystal_geode, uniq_maurice

Skill      XL: |  1  2  3  4  5  6  7  8  9 10 11 12 13 14 15 16 17 |
---------------+----------------------------------------------------+-----
Axes           | 2 3 5 6 7 9 10 12 13 14 16 17 | 17.0
Shields        | 6 7 8 9 11 13 14 15 16 17 | 17.0
Fighting       | 4 5 6 7 8 9 10 11 12 | 12.9
Dodging        | 1 2 3 4 |  4.0
Armour         | 4 6 7 8 9 12 13 14 15 | 15.0
Invocations    | 1 4 6 10 | 10.0
Throwing       | 1 3 4 |  4.1

Action                     |  1- 3 |  4- 6 |  7- 9 | 10-12 | 13-15 | 16-18 || total
---------------------------+-------+-------+-------+-------+-------+-------++-------
  Melee: War axe           |   118 |   120 |   244 |   425 |   931 |       ||  1838
         Whip              |       |       |       |       |    28 |       ||    28
         Broad axe         |       |       |       |       |    36 |   720 ||   756
  Throw: Boomerang         |       |       |       |    66 |    43 |    77 ||   186
         Javelin           |       |       |       |    11 |    13 |     6 ||    30
 Invoke: Heroism           |       |       |     2 |    26 |    33 |    16 ||    77
         Finesse           |       |       |       |     2 |     9 |     9 ||    20
    Use: Scroll            |     6 |     8 |    10 |     6 |    12 |     8 ||    50
         Potion            |       |       |     2 |     4 |     3 |     5 ||    14
 Armour: Scale mail        |    63 |    70 |     2 |       |       |       ||   135
         Plate armour      |       |       |   169 |   161 |    94 |       ||   424
         Crystal plate arm |       |       |       |       |   333 |   619 ||   952
  Dodge: Dodged            |    51 |    29 |    52 |    51 |   143 |   199 ||   525
  Block: Buckler           |    23 |       |       |       |       |       ||    23
         Tower shield      |     9 |    83 |   260 |   352 |   917 |   904 ||  2525

Table legend:
 A = Non-vault XP
 B = Vault XP
 C = Vault XP percentage of total XP
 D = Non-vault monster count
 E = Vault monster count
 F = Vault count percentage of total count
                 A         B        C        D         E       F
            +---------+---------+-------+---------+---------+-------
      Total |  179071 |   41057 |  18.7 |     649 |     171 |  20.9
            +---------+---------+-------+---------+---------+-------
        D:1 |      58 |      12 |  17.1 |      30 |       7 |  18.9
        D:2 |      58 |       0 |   0.0 |      14 |       0 |   0.0
        D:3 |      26 |       0 |   0.0 |      18 |       0 |   0.0
        D:4 |     223 |       0 |   0.0 |      11 |       0 |   0.0
        D:5 |     261 |       0 |   0.0 |      10 |       0 |   0.0
        D:6 |     923 |    1578 |  63.1 |      12 |      10 |  45.5
        D:7 |     537 |     572 |  51.6 |      16 |       7 |  30.4
        D:8 |    1971 |     198 |   9.1 |      30 |       2 |   6.2
        D:9 |    1058 |     684 |  39.3 |      10 |       3 |  23.1
       D:10 |    3922 |     566 |  12.6 |      18 |       4 |  18.2
       D:11 |    3534 |    1014 |  22.3 |      19 |       5 |  20.8
       D:12 |    3572 |     156 |   4.2 |      12 |       6 |  33.3
       D:13 |    5848 |     854 |  12.7 |      10 |       1 |   9.1
       D:14 |    7832 |    1732 |  18.1 |      20 |       3 |  13.0
       D:15 |    4686 |    5118 |  52.2 |      14 |       9 |  39.1
     Lair:1 |    4053 |       0 |   0.0 |      17 |       0 |   0.0
     Lair:2 |    3901 |    1158 |  22.9 |      13 |      12 |  48.0
     Lair:3 |    9240 |    3390 |  26.8 |      31 |      10 |  24.4
     Lair:4 |    7691 |       0 |   0.0 |      33 |       0 |   0.0
     Lair:5 |    6001 |    8018 |  57.2 |      15 |      20 |  57.1
   Shoals:1 |   11219 |       0 |   0.0 |      21 |       0 |   0.0
   Shoals:2 |   25920 |       0 |   0.0 |      45 |       0 |   0.0
   Shoals:3 |   19800 |       0 |   0.0 |      42 |       0 |   0.0
   Spider:1 |   22163 |       0 |   0.0 |      59 |       0 |   0.0
   Spider:2 |   13931 |    1275 |   8.4 |      38 |       1 |   2.6
   Spider:3 |   13891 |       0 |   0.0 |      39 |       0 |   0.0
      Orc:1 |    3345 |    2910 |  46.5 |      26 |      12 |  31.6
      Orc:2 |    3407 |    7163 |  67.8 |      26 |      44 |  62.9
   Gauntlet |       0 |    4659 | 100.0 |       0 |      15 | 100.0
            +---------+---------+-------+---------+---------+-------
